 Dungeon Crawl Stone Soup version 0.24-a0-592-g9a1d66b0e3 (webtiles) character file.

989790 Kirkhe the Sorcerer (level 27, 177/192 HPs)
             Began as an Octopode Ice Elementalist on Oct 17, 2016.
             Was the Champion of Vehumet.
             Quit the game on level 1 of the Depths on Sept 9, 2019.
             The game lasted 10:04:38 (104182 turns).

Kirkhe the Sorcerer (Octopode Ice Elementalist)   Turns: 104182, Time: 10:04:39

Health: 177/192    AC: 23    Str: 12    XL:     27
Magic:  53/53      EV: 29    Int: 43    God:    Vehumet [******]
Gold:   2039       SH: 29    Dex: 17    Spells: 16/79 levels left

rFire    + + .     SeeInvis +   Y - +8 rapier (holy)
rCold    + + +     Gourm    .   i - +6 large shield {AC+3}
rNeg     + . .     Faith    .   B - +2 hat {MR+}
rPois    +         Spirit   .   G - amulet of magic regeneration
rElec    +         Reflect  .   y - ring of resist corrosion
rCorr    +         Harm     .   U - +4 ring of protection
MR       ++++.                  e - ring of the Vendetta {*Drain +Blink rPois rF+}
Stlth    ++++......             j - ring of Loifas {rC+ EV+1 Int+3 SInv Stlth-}
HPRegen  0.42/turn              E - ring of Xitiuh {rN+ Slay+6}
MPRegen  0.58/turn              s - ring "Ibeh" {+Blink MR++ Str+4 Int-3 Dex+4}
                                X - ring of the Cast Vote {rElec rF+ rC+++ MR- Int+9}
                                F - ring "Reos" {Wiz rC+ Int+5}

@: icy armour
A: almost no armour, stealthy swim, amphibious, 8 rings, constrict 8, camouflage
1, screaming 1, gelatinous body 1
}: 6/15 runes: barnacled, slimy, silver, abyssal, demonic, gossamer
a: Renounce Religion, Evoke Blink


You were on level 1 of the Depths.
You worshipped Vehumet.
Vehumet was exalted by your worship.
You were not hungry.

You visited 13 branches of the dungeon, and saw 58 of its levels.
You visited Pandemonium 1 time, and saw 3 of its levels.
You visited the Abyss 5 times.
You also visited: Trove and Labyrinth.

You collected 10121 gold pieces.
You spent 8082 gold pieces at shops.

Inventory:

Hand Weapons
 C - the +6 falchion of Muxkoudd {freeze, rPois Str+4}
   (You found it in Pandemonium)

   It has been specially enchanted to freeze those struck by it, causing extra
   injury to most foes and up to half again as much damage against particularly
   susceptible opponents.
   It can also slow down cold-blooded creatures.
   It affects your strength (+4).
   It protects you from poison.
 D - the +8 falchion "Impbane" {slice, rF+ rN+ MR+}
   (You found it on level 5 of the Pits of Slime)

   It inflicts extra damage upon your enemies.
   It protects you from fire.
   It protects you from negative energy.
   It affects your resistance to hostile enchantments.
 Q - the +10 hand crossbow "Hell-Harrower" {penet, *Drain rPois rF+ rC+}
   (You found it on level 2 of the Abyss)

   Ammo fired by it will pass through the targets it hits, potentially hitting
   all targets in its path until it reaches maximum range.
   It protects you from fire.
   It protects you from cold.
   It protects you from poison.
   It causes draining when unequipped.
 Y - a +8 rapier of holy wrath (weapon)
Armour
 i - a +6 large shield of protection (worn)
 B - a +2 hat of magic resistance (worn)
Magical Staves
 V - an uncursed staff of cold
Jewellery
 e - the ring of the Vendetta (on tentacle) {*Drain +Blink rPois rF+}
   (You bought it in a shop on level 2 of the Elven Halls)

   [ring of poison resistance]

   It protects you from fire.
   It protects you from poison.
   It lets you blink.
   It causes draining when unequipped.
 j - the ring of Loifas (on tentacle) {rC+ EV+1 Int+3 SInv Stlth-}
   (You bought it in a shop on level 2 of the Elven Halls)

   [ring of evasion]

   It affects your evasion (+1).
   It affects your intelligence (+3).
   It protects you from cold.
   It lets you see invisible.
   It makes you less stealthy.
 s - the ring "Ibeh" (on tentacle) {+Blink MR++ Str+4 Int-3 Dex+4}
   (You bought it in a shop on level 2 of the Orcish Mines)

   [ring of dexterity]

   It affects your strength (+4).
   It affects your intelligence (-3).
   It affects your dexterity (+4).
   It affects your resistance to hostile enchantments.
   It lets you blink.
 y - a ring of resist corrosion (left tentacle)
 E - the ring of Xitiuh (on tentacle) {rN+ Slay+6}
   (You acquired it on level 10 of the Dungeon)

   [ring of positive energy]

   It affects your accuracy and damage with ranged weapons and melee attacks
   (+6).
   It protects you from negative energy.
 F - the ring "Reos" (on tentacle) {Wiz rC+ Int+5}
   (You bought it in a shop on level 1 of the Depths)

   [ring of wizardry]

   It improves your spell success rate.
   It affects your intelligence (+5).
   It protects you from cold.
 G - an amulet of magic regeneration (around mantle)
 I - a +6 amulet of reflection
 S - the ring "Luyhymn" {Ice Slay+2}
   (You took it off an orc knight on level 5 of the Vaults)

   [ring of ice]

   It enhances your ice magic.
   It affects your accuracy and damage with ranged weapons and melee attacks
   (+2).
   It makes you vulnerable to fire.
   It protects you from cold.
 U - a +4 ring of protection (right tentacle)
 X - the ring of the Cast Vote (on tentacle) {rElec rF+ rC+++ MR- Int+9}
   (You acquired it on level 4 of the Lair of Beasts)

   [ring of protection from fire]

   It affects your intelligence (+9).
   It protects you from fire.
   It renders you almost immune to cold.
   It insulates you from electricity.
   It affects your resistance to hostile enchantments.
Wands
 d - a wand of digging (10)
 R - a wand of removedness (7)
Scrolls
 a - 4 scrolls of fear
 c - 9 scrolls of fog
 f - 12 scrolls of identify
 g - 34 scrolls of remove curse
 o - 8 scrolls of teleportation
 r - 13 scrolls of removedness
 u - 2 scrolls of summoning
 v - 7 scrolls of amnesia
 z - 10 scrolls of magic mapping
 A - 10 scrolls of silence
 P - 6 scrolls of holy word
 T - 5 scrolls of blinking
Potions
 h - 8 potions of invisibility
 k - 8 potions of brilliance
 l - 3 potions of flight
 m - 3 potions of berserk rage
 p - 4 potions of agility
 t - 4 potions of haste
 w - 10 potions of curing
 x - 5 potions of resistance
 H - 4 potions of might
 O - a potion of magic
 W - 4 potions of ambrosia
 Z - a potion of cancellation
Miscellaneous
 n - a fan of gales
 J - a lamp of fire
 K - a phial of floods
 L - a phantom mirror
 M - a crystal ball of energy
Comestibles
 b - 5 rations
 q - 19 rations


   Skills:
 - Level 17.0 Fighting
 - Level 15.1 Short Blades
 - Level 20.0 Dodging
 - Level 7.1 Stealth
 - Level 23.0 Shields
 + Level 26.7 Spellcasting
 + Level 24.4 Conjurations
   Level 0.4 Hexes
 - Level 7.2 Charms
 - Level 21.6 Ice Magic
 - Level 5.1 Earth Magic
 * Level 11.7 Evocations


You had 16 spell levels left.
You knew the following spells:

 Your Spells              Type           Power        Failure   Level  Hunger
a - Iron Shot             Conj/Erth      ########..   1%          6    None
c - Ozocubu's Armour      Chrm/Ice       ########     0%          3    None
d - Throw Icicle          Conj/Ice       ########     0%          4    None
e - Repel Missiles        Chrm/Air       ######       1%          2    None
g - Bolt of Cold          Conj/Ice       ########..   0%          6    None
h - Freezing Cloud        Conj/Ice/Air   ########..   1%          6    None
i - Orb of Destruction    Conj           ########..   0%          7    None
j - Iskenderun's Battles  Conj/Chrm      ########     0%          5    None
k - Ozocubu's Refrigerat  Ice            ########..   0%          6    None
l - Swiftness             Chrm/Air       ######..     1%          2    None
m - Glaciate              Conj/Ice       ########..   1%          9    None
n - Spellforged Servitor  Conj/Summ      ########..   1%          7    None
Your spell library was empty.

Dungeon Overview and Level Annotations

Branches:
Dungeon (15/15)            Temple (1/1) D:7            Lair (6/6) D:10
 Shoals (4/4) Lair:4       Spider (4/4) Lair:2        Slime (5/5) Lair:5
    Orc (2/2) D:9             Elf (3/3) Orc:2        Vaults (5/5) D:14
  Crypt (3/3) Vaults:3       Tomb (0/3) Crypt:3      Depths (5/5) D:15
   Hell (visited)             Dis (0/7) Hell            Geh (0/7) Hell
    Coc (0/7) Hell            Tar (0/7) Hell            Zot (4/5) Depths:5

Altars:
Ashenzari
Cheibriados
Dithmenos
Elyvilon
Fedhas
Gozag
Hepliaklqana
Kikubaaqudgha
Makhleb
Nemelex Xobeh
Okawaru
Qazlal
Ru
Sif Muna
Trog
Uskayaw
Vehumet
Xom
Yredelemnul
Zin
The Shining One
Jiyva

Shops:
D:5 *![   D:13 **   D:15 [   Orc:2 ?[=%!   Elf:2 =   Shoals:1 %
Vaults:2 %}?*=   Vaults:3 =   Vaults:4 :   Depths:1 }=}   Depths:2 (!!

Portals:
Hell: Lair:6 Depths:1 Depths:2 Depths:3 Depths:4 Depths:5
Abyss: Depths:1 Depths:3 Depths:4 Depths:5
Pandemonium: Depths:2 Depths:3 Depths:4
Ziggurat: Depths:1

Annotations:
Shoals:1 Donald
Shoals:4 yrara's ghost, adept MiFi
Vaults:1 exclusion: 2 downstairs
Depths:1 exclusions: ancient lich and 1 more exclusion


Innate Abilities, Weirdness & Mutations

You cannot wear most types of armour.
You are very stealthy in the water. (Stealth+)
You are amphibious.
You can wear up to eight rings at the same time.
You can use your tentacles to constrict eight enemies at once.
Your skin changes colour to match your surroundings (Stealth+).
Your rubbery body absorbs attacks. (AC +1, EV +1)
You occasionally shout uncontrollably at your foes.


Message History

Okay, then.
You are suddenly pulled into a different region of the Abyss!
Found a gateway leading out of the Abyss.
There is a gateway leading out of the Abyss here.
You pass through the gate.
Welcome back to the Depths! x2
Level annotation: exclusions: ancient lich and 1 more exclusion
There is a one-way gate to the infinite horrors of the Abyss here.
You see here a giant club.
Search for what [? for help]? trove Can't find anything matching that.
Search for what [Enter for "trove", or ? for help]? zigg
Okay, then.
Saving game... please wait.
Level annotation: exclusions: ancient lich and 1 more exclusion Welcome back, Kirkhe the Octopode Ice Elementalist.
Vehumet says: Let it end in hellfire!
Press ? for a list of commands and other information.
Are you sure you want to abandon this character and quit the game? (Confirm with "yes".)

........∩.....(((.............#
..##.........##.............(.#
..#..##...##..#...............#
..#..##...##..#...............#
..#...........#.))............#
..##...#.#...##.).............#
...#####.#####................#
.............[................#
.............∩).@[.....(......#
..............................#
.........)....................#
###############################


There were no monsters in sight!

Vanquished Creatures
  the Royal Jelly (Slime:5)
  Dissolution (Slime:2)
  7 ancient liches
  Mennas (Vaults:2)
  3 juggernauts (Depths:5)
  The ghost of Naow the Victor of a Thousand Battles, a legendary FoFi of Okawaru (Zot:3)
  Sojobo (Vaults:4)
  Frederick (Vaults:2)
  Bai Suzhen (Spider:4)
  Xtahua (Vaults:2)
  Margery (Vaults:5)
  3 curse toes (Zot:4)
  Geryon (Hell)
  11 golden dragons
  Jory (Crypt:1)
  10 bone dragons
  A profane servitor (Crypt:3)
  3 pandemonium lords (Pan)
  3 electric golems
  6 Tzitzimimeh (Pan)
  2 Brimstone Fiends (Pan)
  A Hell Sentinel (Pan)
  14 tentacled monstrosities
  Rupert (D:15)
  4 hellephants
  An Ice Fiend (Pan)
  4 titans
  5 quicksilver dragons
  12 liches
  A deep elf blademaster (Elf:2)
  A deep elf master archer (Elf:3)
  Asterion (Depths:1)
  3 Executioners
  2 krakens
  27 acid blobs
  5 death cobs
  3 ancient champions
  49 tentacled starspawn
  6 sphinxes
  Gastronok (D:8)
  Polyphemus (Shoals:4)
  12 tengu reavers
  The ghost of ZlagarX the Destroyer, an adept DgAE (Elf:1)
  4 draconian monks
  10 shadow dragons
  8 storm dragons
  6 revenants
  Roxanne (Shoals:1)
  14 azure jellies
  14 vault wardens
  9 fire giants
  Louise (Spider:4)
  7 iron dragons
  Ilsuiw (Shoals:4)
  14 frost giants
  13 deep elf sorcerers
  8 draconian scorchers
  A juggernaut zombie (D:15)
  The ghost of Deemzul the Fencer, an adept OpBe of Trog (Elf:1)
  9 draconian knights
  Aizul (Lair:2)
  7 cacodemons
  7 balrugs
  4 warmongers (Pan)
  4 emperor scorpions
  3 removed MONS_DRACONIAN_ZEALOTs
  5 ghost moths
  A juggernaut skeleton (Depths:2)
  13 deep elf elementalists
  17 ironheart preservers
  5 draconian shifters
  3 spriggan defenders (Depths:5)
  The ghost of Stone the Brawler, an adept VSMo of Dithmenos (Spider:3)
  5 reapers
  2 war gargoyles
  30 very ugly things
  4 draconian stormcallers
  A caustic shrike skeleton (Depths:2)
  25 stone giants
  7 ghouls
  5 draconian annihilators
  14 green draconians
  9 entropy weavers
  4 blood saints (Pan)
  15 vampire knights
  9 deep elf demonologists
  5 corrupters (Pan)
  8 black draconians
  6 black suns (Pan)
  15 purple draconians
  9 yellow draconians
  Azrael (D:15)
  12 deep elf annihilators
  8 lorocyprocas
  9 spark wasps
  A dire elephant (Lair:6)
  6 removed MONS_MOTTLED_DRACONIANs
  6 white draconians
  20 ettins
  11 red draconians
  7 eidola
  2 crystal guardians
  A quicksilver dragon zombie (Abyss:1)
  6 green deaths
  8 merfolk javelineers
  The ghost of matthes123 the Grappler, a journeyman TrMo of Elyvilon (Lair:1)
  7 blizzard demons
  The ghost of Kirkhe the Geomancer, a journeyman OpEE of Vehumet (Lair:1)
  11 fire dragons
  11 death oozes (Slime:5)
  Josephine (D:10)
  7 deep elf death magi
  27 jiangshi
  10 merfolk impalers
  20 great orbs of eyes
  A minotaur (Lab)
  27 yaktaur captains
  A hydra (shapeshifter) (Vaults:4)
  5 monstrous demonspawn (Pan)
  10 deep elf high priests
  A kraken zombie (Hell)
  38 vault guards
  4 spriggan air magi (Depths:5)
  8 hydras
  2 naga warriors
  18 rakshasas
  12 ice dragons
  A ghost crab (shapeshifter) (Vaults:5)
  An alligator snapping turtle (Shoals:4)
  2 hell beasts
  2 catoblepae
  12 centaur warriors
  8 death knights
  10 merfolk avatars
  An anaconda (shapeshifter) (Vaults:5)
  5 tengu warriors
  A queen ant (Spider:1)
  6 deep troll shamans
  7 merfolk aquamancers
  5 vampire magi
  20 hell hogs
  22 ogre magi
  14 deep troll earth magi
  2 satyrs
  7 death yaks
  2 titan zombies
  31 dancing weapons
  21 deep elf knights
  10 sun demons
  48 thrashing horrors
  An orc high priest (Orc:1)
  7 spriggan berserkers (Depths:5)
  25 soul eaters
  44 wretched stars
  An iron golem (Hell)
  A fire crab (shapeshifter) (Depths:4)
  Nergalle (Lair:2)
  6 shadow wraiths
  11 hell knights
  3 storm dragon zombies
  3 iron trolls (Depths:5)
  13 sixfirhies
  102 large abominations
  A storm dragon skeleton (Abyss:1)
  43 skeletal warriors
  6 spriggans (Depths:5)
  A cherub (Pan)
  7 spatial maelstroms
  A golden dragon zombie (Abyss:3)
  5 infernal demonspawn (Pan)
  4 shadow demons
  6 unseen horrors
  10 sea snakes
  11 wizards
  16 glowing orange brains
  A shadow dragon zombie (Crypt:1)
  4 gelid demonspawn
  A spark wasp zombie (Crypt:2)
  A kraken simulacrum (Hell)
  A golden dragon skeleton (Abyss:1)
  5 flayed ghosts
  14 ironbrand convokers
  4 torturous demonspawn (Pan)
  15 orc knights
  21 deep trolls
  13 phantasmal warriors
  10 removed MONS_HILL_GIANTs
  118 starcursed masses
  A tengu zombie (Vaults:2)
  An iron dragon zombie (Hell)
  A wolf spider zombie (Abyss:4)
  19 deep elf archers
  A faun (shapeshifter) (Vaults:3)
  Pikel (D:8)
  22 harpies
  6 shining eyes
  2 oklob plants (Lair:6)
  10 necromancers
  8 orb spiders
  4 orc sorcerers
  81 deep elf magi
  55 ugly things
  A stone giant zombie (Crypt:1)
  41 wolf spiders
  10 manticores
  2 fire giant zombies
  A cyclops (shapeshifter) (Vaults:5)
  4 fauns (Shoals:2)
  2 moths of wrath (shapeshifter)
  8 cyclopes
  A manticore (shapeshifter) (Vaults:5)
  7 apocalypse crabs
  11 worldbinders
  A hell hog skeleton (Crypt:1)
  17 moths of wrath
  7 elephants
  A fire giant skeleton (Depths:2)
  17 vault sentinels
  A naga mage (Abyss:1)
  A toenail golem (Abyss:4)
  4 frost giant skeletons
  6 water nymphs
  7 rust devils
  3 eyes of devastation
  3 guardian serpents
  9 merfolk sirens
  7 black mambas
  A stone giant skeleton (Abyss:2)
  68 smoke demons
  An ice statue (D:10)
  2 torpor snails
  17 orange demons
  An emperor scorpion zombie (Abyss:1)
  4 kobold demonologists
  11 spiny frogs
  20 hellions
  2 rime drakes (Lair:6)
  A komodo dragon (shapeshifter) (Depths:4)
  2 spiny frogs (shapeshifter)
  2 yaktaurs (shapeshifter)
  A redback zombie (D:13)
  7 efreet
  10 freezing wraiths
  A green draconian skeleton (Crypt:2)
  63 yaktaurs
  17 demonic crawlers
  13 hellwings
  An anaconda simulacrum (Hell)
  An entropy weaver simulacrum (Vaults:2)
  24 ice devils
  3 tormentors
  3 komodo dragons
  A spriggan skeleton (Depths:2)
  A yaktaur skeleton (D:15)
  7 red devils
  5 tengu conjurers
  A grey draconian skeleton (Crypt:1)
  38 merfolk
  A troll (shapeshifter) (Depths:1)
  32 ancient zymes
  3 polar bears
  3 meliai (Spider:4)
  A meliai (shapeshifter) (D:14)
  2 jumping spiders (shapeshifter)
  7 trolls
  A queen bee (Spider:4)
  37 jumping spiders
  22 hornets
  11 blink frogs
  2 silent spectres (Abyss:1)
  2 wolf spider simulacra
  4 hydra zombies (Hell)
  Prince Ribbit (D:9)
  6 wind drakes
  A two-headed ogre (shapeshifter) (Depths:2)
  A polar bear (shapeshifter) (Vaults:5)
  82 raiju
  A deep troll zombie (D:15)
  14 snapping turtles
  41 two-headed ogres
  2 ettin zombies
  An ice dragon zombie (D:15)
  A tengu simulacrum (Vaults:2)
  3 dream sheep (Shoals:3)
  A stone giant simulacrum (Vaults:3)
  13 hippogriffs
  A hydra skeleton (Crypt:1)
  2 fire giant simulacra
  135 slime creatures
  An alligator zombie (Hell)
  63 flying skulls
  9 shadows
  A centaur simulacrum (D:11)
  17 water elementals
  44 ynoxinuls
  4 vampires
  44 yaks
  22 wraiths
  2 yaks (shapeshifter) (Vaults:1)
  A redback (shapeshifter) (Vaults:3)
  11 air elementals
  9 fire bats
  3 hogs (D:8)
  89 redbacks
  33 tarantellas
  An ettin skeleton (Vaults:2)
  4 basilisks
  8 fire elementals
  A basilisk (shapeshifter) (Depths:2)
  6 wyverns
  A golden eye (Abyss:1)
  23 chaos spawn
  2 humans
  11 vampire mosquitoes
  An emperor scorpion simulacrum (Crypt:3)
  A wind drake skeleton (Crypt:2)
  23 neqoxecs
  4 hungry ghosts
  6 acid dragons
  5 wargs
  16 insubstantial wisps
  2 spiny frog zombies
  8 spatial vortices
  2 nagas (Abyss:1)
  A spectral snapping turtle (Crypt:3)
  26 soldier ants
  9 swamp worms (Spider:3)
  A minotaur simulacrum (Crypt:3)
  A hydra simulacrum (Abyss:2)
  17 water moccasins
  5 hell hounds
  A floating eye (shapeshifter) (Elf:1)
  55 orc warriors
  7 porcupines
  6 sky beasts
  15 ice beasts
  A spiny frog skeleton (Hell)
  A black bear (shapeshifter) (Vaults:5)
  An elf zombie (Vaults:2)
  17 eyes of draining
  A slave (D:8)
  3 black bears
  A snapping turtle zombie (Crypt:3)
  2 phantoms
  15 necrophages
  22 wolves
  An ettin simulacrum (Abyss:5)
  A sky beast (shapeshifter) (Depths:5)
  84 ogres
  2 alligator simulacra (Hell)
  37 centaurs
  An ogre (shapeshifter) (Vaults:5)
  A manticore zombie (Abyss:1)
  A wolf (shapeshifter) (Vaults:5)
  7 boggarts
  14 crocodiles
  7 big kobolds
  A rime drake skeleton (Crypt:2)
  A crocodile (shapeshifter) (Vaults:4)
  A big kobold (shapeshifter) (Depths:2)
  21 bullfrogs
  A gnoll sergeant (D:9)
  A human zombie (Vaults:2)
  A wyvern zombie (D:10)
  3 earth elementals
  A human skeleton (Vaults:2)
  2 water moccasin zombies
  77 small abominations
  2 wyvern skeletons
  10 scorpions
  A warg skeleton (Crypt:2)
  41 killer bees
  A yak skeleton (Crypt:1)
  5 howler monkeys
  13 electric eels
  2 centaur zombies
  12 crimson imps
  A lava snake (Lair:5)
  2 human simulacra
  14 quasits
  30 orc priests
  10 hounds
  A demonspawn zombie (Crypt:2)
  13 jellies
  9 iron imps
  37 orc wizards
  A bullfrog skeleton (D:10)
  9 centaur skeletons
  2 iguanas
  11 hell rats (Lair:5)
  A two-headed ogre skeleton (Crypt:2)
  30 worker ants
  2 killer bee zombies
  A bullfrog simulacrum (D:8)
  An ogre skeleton (Crypt:1)
  A felid skeleton (Crypt:2)
  A hound zombie (D:11)
  2 hound skeletons
  4 worker ant zombies
  A howler monkey zombie (D:9)
  16 adders
  3 gnolls (D:2)
  A howler monkey skeleton (D:8)
  19 river rats
  A hound simulacrum (D:11)
  2 shadow imps
  13 white imps
  A worker ant simulacrum (D:8)
  23 ufetubi
  An ooze (D:3)
  An iguana zombie (Crypt:1)
  4 adder skeletons
  An adder zombie (D:9)
  10 worms (Spider:3)
  2 dart slugs (D:1)
  8 leopard geckos
  137 orcs
  2 ball pythons
  11 giant cockroaches
  2 hobgoblins
  3 jackals (D:4)
  16 kobolds
  5 quokkas
  A river rat zombie (Crypt:1)
  13 bats
  3 frilled lizards
  5 goblins
  A jackal skeleton (D:7)
  A kobold skeleton (Crypt:1)
  A leopard gecko zombie (D:8)
  A quokka skeleton (D:6)
  42 rats
  A rat skeleton (Crypt:2)
  A bush (Shoals:3)
  2 lurking horrors
  20 plants (Spider:4)
  28 starspawn tentacles
  12 tentacles
  A withered plant (D:15)
4461 creatures vanquished.

Vanquished Creatures (collateral kills)
  A deep elf blademaster (Elf:3)
  An ironheart preserver (Vaults:1)
  2 sea snakes
  A wolf spider (Spider:1)
  A large abomination (Abyss:1)
6 creatures vanquished.

Vanquished Creatures (others)
  A tentacled starspawn (Abyss:1)
  A death knight (Vaults:3)
  An unseen horror (Abyss:5)
  A large abomination (Abyss:1)
  4 small abominations
  A golden eye (Abyss:3)
  A hydra simulacrum (Abyss:4)
  3 slaves (D:8)
  A sky beast (Abyss:4)
  2 ogres (D:8)
  A bullfrog (shapeshifter) (Abyss:1)
  A killer bee (D:9)
  2 ufetubi
  An adder skeleton (D:8)
  407 blocks of ice
  18 bushes
  22 demonic plants
  17 fungi
  5 lurking horrors
  13 plants
  47 starspawn tentacles
  10 tentacles
  2 withered plants (D:15)
562 creatures vanquished.

Grand Total: 5029 creatures vanquished

Notes
Turn   | Place    | Note
-------+----------+-------------------------------------------
     0 | D:1      | Kirkhe the Octopode Ice Elementalist began the quest for
                  | the Orb.
     0 | D:1      | Reached XP level 1. HP: 11/11 MP: 3/3
   137 | D:1      | Reached XP level 2. HP: 12/17 MP: 3/5
   368 | D:1      | Reached XP level 3. HP: 17/21 MP: 2/6
   484 | D:1      | Learned a level 2 spell: Throw Frost
   987 | D:2      | You fall through a shaft for 2 floors!
   987 | D:4      | Noticed a scorpion
   995 | D:4      | Found an ancient bone altar of Kikubaaqudgha.
  1228 | D:4      | Found an opulent altar of Gozag.
  1339 | D:4      | Noticed a scorpion
  1345 | D:4      | Killed a scorpion
  1345 | D:4      | Reached skill level 3 in Spellcasting
  1345 | D:4      | Reached XP level 4. HP: 17/27 MP: 1/8
  1412 | D:4      | Reached XP level 5. HP: 7/31 MP: 6/10
  1461 | D:4      | Reached skill level 1 in Short Blades
  1684 | D:4      | HP: 2/46 [poisoned by a worker ant]
  2039 | D:3      | Found a shadowy altar of Dithmenos.
  2439 | D:2      | Reached skill level 4 in Spellcasting
  2439 | D:2      | Reached XP level 6. HP: 16/36 MP: 6/12
  2860 | D:3      | Reached skill level 5 in Ice Magic
  3101 | D:3      | Found a sacrificial altar of Ru.
  3101 | D:3      | Found an iron altar of Okawaru.
  3632 | D:3      | Reached XP level 7. HP: 29/41 MP: 5/13
  3804 | D:4      | Reached skill level 5 in Spellcasting
  3895 | D:5      | Entered Level 5 of the Dungeon
  4043 | D:5      | Found Hivioschu's Distillery.
  4051 | D:5      | Bought a potion of heal wounds for 70 gold pieces
  4051 | D:5      | Bought 2 potions of heal wounds for 140 gold pieces
  4051 | D:5      | Bought a potion of degeneration for 14 gold pieces
  4205 | D:5      | Found Opeimeso's Assorted Antiques.
  4251 | D:5      | Reached XP level 8. HP: 39/46 MP: 10/16
  4302 | D:5      | Found Yblauf's Antique Armour Boutique.
  4584 | D:5      | Learned a level 3 spell: Ozocubu's Armour
  4700 | D:6      | Reached skill level 6 in Spellcasting
  5220 | D:6      | Found a shimmering altar of Xom.
  5244 | D:5      | Bought a scroll labeled SYDEUH KOCA for 27 gold pieces
  5244 | D:5      | Bought a scroll labeled YMUOM TOYK KEPNA for 27 gold pieces
  5244 | D:5      | Bought a ruby ring for 135 gold pieces
  5305 | D:7      | Gained mutation: You occasionally shout uncontrollably at
                  | your foes. [mutagenic meat]
  5308 | D:7      | Gained mutation: Your mind is acute. (Int +2) [mutagenic
                  | meat]
  5311 | D:7      | Gained mutation: Your spells are a little harder to cast,
                  | but a little more powerful. [mutagenic meat]
  5314 | D:7      | Gained mutation: You have a beak for a mouth. [mutagenic
                  | meat]
  5322 | D:7      | Reached XP level 9. HP: 50/51 MP: 14/19
  5362 | D:7      | Reached skill level 7 in Spellcasting
  5510 | D:7      | Found a staircase to the Ecumenical Temple.
  5562 | D:7      | Reached skill level 1 in Charms
  5594 | D:7      | Found a shimmering altar of Xom.
  5597 | D:7      | Noticed an angel
  5600 | D:7      | Found a glowing silver altar of Zin.
  6317 | D:7      | Found a bloodstained altar of Trog.
  6503 | Temple   | Entered the Ecumenical Temple
  6557 | Temple   | Became a worshipper of Vehumet
  6667 | D:8      | Noticed Gastronok
  6684 | D:8      | Reached skill level 8 in Spellcasting
  7056 | D:8      | Noticed Pikel
  7063 | D:8      | Killed Pikel
  7063 | D:8      | Reached XP level 10. HP: 56/56 MP: 11/22
  7076 | D:8      | Reached skill level 5 in Short Blades
  7404 | D:8      | Learned a level 4 spell: Throw Icicle
  7419 | D:8      | Reached skill level 9 in Spellcasting
  7845 | D:8      | Reached * piety under Vehumet
  7845 | D:8      | Offered knowledge of Flame Tongue by Vehumet.
  8880 | D:9      | Reached skill level 10 in Ice Magic
  9071 | D:9      | Found a deep blue altar of Sif Muna.
  9130 | D:8      | Reached skill level 1 in Shields
  9417 | D:9      | Reached XP level 11. HP: 37/61 MP: 19/24
  9458 | D:9      | Reached skill level 5 in Conjurations
  9700 | D:9      | Offered knowledge of Throw Flame by Vehumet.
  9719 | D:9      | Found a staircase to the Orcish Mines.
  9785 | D:9      | Reached skill level 10 in Spellcasting
  9803 | D:9      | Reached ** piety under Vehumet
  9806 | D:9      | Found a white marble altar of Elyvilon.
  9881 | D:9      | Found a blossoming altar of Fedhas.
 10085 | D:9      | Noticed Prince Ribbit
 10130 | D:9      | Killed Prince Ribbit
 10783 | D:10     | Entered Level 10 of the Dungeon
 11298 | D:10     | Offered knowledge of Conjure Flame by Vehumet.
 11303 | D:10     | Learned a level 3 spell: Conjure Flame
 11335 | D:10     | Found a staircase to the Lair.
 11588 | D:10     | Found a blossoming altar of Fedhas.
 11687 | D:10     | Reached *** piety under Vehumet
 12392 | D:10     | Identified a scroll of acquirement
 12393 | D:10     | Got a slimy amber ring
 12436 | D:10     | Identified the ring of Xitiuh {rN+ Slay+6} (You acquired it
                  | on level 10 of the Dungeon)
 12567 | D:10     | Offered knowledge of Fulminant Prism by Vehumet.
 12705 | D:10     | Noticed a hill giant
 12708 | D:10     | Killed a hill giant
 12936 | D:10     | Noticed Josephine
 13016 | D:10     | Killed Josephine
 13164 | Lair:1   | Entered Level 1 of the Lair of Beasts
 13172 | Lair:1   | Reached XP level 12. HP: 55/66 MP: 13/26
 13502 | Lair:1   | Noticed Kirkhe's ghost (journeyman OpEE)
 13555 | Lair:1   | Reached **** piety under Vehumet
 13660 | Lair:1   | Noticed matthes123's ghost (journeyman TrMo)
 13829 | Lair:1   | Offered knowledge of Lightning Bolt by Vehumet.
 14304 | Lair:2   | Found a hole to the Spider Nest.
 14314 | Lair:2   | Reached skill level 11 in Spellcasting
 14759 | Lair:2   | Reached skill level 5 in Shields
 15012 | Lair:2   | Noticed Nergalle
 15017 | Lair:2   | Killed Nergalle
 16219 | Lair:4   | Got a flickering jade ring
 16220 | Lair:4   | Identified the ring of the Cast Vote {rElec rF+ rC+++ MR-
                  | Int+9} (You acquired it on level 4 of the Lair of Beasts)
 16390 | Lair:4   | Found a staircase to the Shoals.
 16401 | Lair:4   | Reached skill level 1 in Fighting
 16488 | Lair:4   | Reached XP level 13. HP: 68/73 MP: 7/28
 16622 | Lair:4   | Reached ***** piety under Vehumet
 16623 | Lair:4   | Offered knowledge of Spellforged Servitor by Vehumet.
 17216 | Lair:5   | Found a labyrinth entrance.
 17225 | Lab      | Entered a Labyrinth
 17462 | Lab      | Noticed a minotaur
 17478 | Lab      | Killed a minotaur
 17481 | Lab      | Got a scorched amethyst amulet
 17506 | Lab      | Identified the amulet of Tautacao {Harm *Drain Int+3} (You
                  | took it off a minotaur in a labyrinth)
 17768 | Lair:5   | Found a staircase to the Slime Pits.
 17888 | Lair:5   | Found a viscous altar of Jiyva.
 17952 | Lair:5   | Reached skill level 12 in Spellcasting
 18751 | Lair:6   | Entered Level 6 of the Lair of Beasts
 18777 | Lair:6   | Reached skill level 10 in Conjurations
 19045 | Lair:6   | Learned a level 5 spell: Metabolic Englaciation
 19843 | Lair:6   | Noticed a dire elephant
 19933 | Lair:5   | Reached skill level 5 in Dodging
 20076 | Lair:1   | Reached XP level 14. HP: 86/86 MP: 27/30
 21242 | D:5      | Bought a scroll of teleportation for 81 gold pieces
 21242 | D:5      | Bought a shiny buckler for 283 gold pieces
 21295 | D:5      | Bought 2 potions of resistance for 280 gold pieces
 21569 | D:8      | Killed Gastronok
 21835 | D:11     | Reached skill level 5 in Fighting
 22867 | D:12     | Reached ****** piety under Vehumet
 23196 | D:12     | Reached skill level 13 in Spellcasting
 23229 | D:12     | Offered knowledge of Irradiate by Vehumet.
 23765 | D:13     | Found Royblafa's Assorted Antiques.
 23899 | D:13     | Found Nusuinou's Assorted Antiques.
 24224 | Lair:1   | Killed matthes123's ghost
 24525 | Lair:1   | Killed Kirkhe's ghost
 25558 | Lair:6   | Killed a dire elephant
 25558 | Lair:6   | Reached XP level 15. HP: 78/96 MP: 10/32
 25713 | Lair:6   | Found a burning altar of Makhleb.
 25933 | Lair:6   | Offered knowledge of Bolt of Cold by Vehumet.
 25941 | Lair:6   | Learned a level 6 spell: Bolt of Cold
 25958 | Lair:6   | Found a gateway to Hell.
 26419 | Orc:1    | Entered Level 1 of the Orcish Mines
 26522 | Orc:2    | Entered Level 2 of the Orcish Mines
 26522 | Orc:2    | Found a burning altar of Makhleb.
 26523 | Orc:2    | Found Kanun's Magic Scroll Shoppe.
 27562 | Orc:2    | Found a staircase to the Elven Halls.
 28403 | Orc:2    | Found Ezewkuan's Distillery.
 28403 | Orc:2    | Found Fyst's Jewellery Shop.
 28404 | Orc:2    | Found Cer Gext's Food Shop.
 28404 | Orc:2    | Found Xeinob's Armour Emporium.
 28592 | Orc:2    | Bought a cursed ring of teleportation for 54 gold pieces
 28592 | Orc:2    | Bought a cursed -3 ring of dexterity for 24 gold pieces
 28596 | Orc:2    | Bought the ring "Ibeh" {+Blink MR++ Str+4 Int-3 Dex+4} for
                  | 618 gold pieces
 28597 | Orc:2    | Bought a potion of mutation for 35 gold pieces
 28598 | Orc:2    | Bought a potion of curing for 42 gold pieces
 28598 | Orc:2    | Bought a potion of curing for 42 gold pieces
 28598 | Orc:2    | Bought a potion of haste for 140 gold pieces
 28598 | Orc:2    | Bought a potion of curing for 42 gold pieces
 28598 | Orc:2    | Bought a potion of might for 56 gold pieces
 28803 | D:13     | Bought 2 metallic blue potions for 57 gold pieces
 28803 | D:13     | Bought a scroll labeled MAETHO LUOMU for 32 gold pieces
 28962 | D:14     | Reached skill level 14 in Spellcasting
 29518 | D:14     | Reached skill level 5 in Stealth
 29561 | D:14     | Found a gate to the Vaults.
 29670 | D:14     | Reached XP level 16. HP: 100/103 MP: 20/34
 29967 | D:15     | Entered Level 15 of the Dungeon
 30155 | D:15     | Offered knowledge of Freezing Cloud by Vehumet.
 30164 | D:15     | Noticed Azrael
 30166 | D:15     | Killed Azrael
 30230 | D:15     | Learned a level 6 spell: Freezing Cloud
 30255 | D:15     | Found a shimmering altar of Xom.
 30343 | D:15     | Got a crude trident
 30421 | D:15     | Found Mewokh's Antique Armour Shoppe.
 30482 | D:15     | Noticed Rupert
 30869 | D:15     | Found a staircase to the Depths.
 31162 | Lair:1   | Identified the +3 trident of the Moth {venom, rF++ Int-3}
                  | (You found it on level 15 of the Dungeon)
 31262 | Shoals:1 | Entered Level 1 of the Shoals
 31278 | Shoals:1 | Noticed Roxanne
 31774 | Shoals:1 | Found Dukos's Food Shoppe.
 31920 | Shoals:1 | Noticed Donald
 32322 | Shoals:2 | Reached skill level 15 in Ice Magic
 33814 | Shoals:2 | Noticed a kraken
 33848 | Shoals:2 | Killed a kraken
 33978 | Shoals:2 | Reached skill level 15 in Spellcasting
 34383 | Shoals:2 | Offered knowledge of Bolt of Fire by Vehumet.
 35041 | Shoals:2 | Reached XP level 17. HP: 78/108 MP: 28/36
 36675 | Shoals:4 | Entered Level 4 of the Shoals
 37149 | Shoals:4 | Reached XP level 18. HP: 114/114 MP: 37/37
 37177 | Shoals:4 | Noticed yrara's ghost (adept MiFi)
 37317 | Shoals:4 | Noticed Polyphemus
 37338 | Shoals:4 | Killed Polyphemus
 37956 | Shoals:4 | Reached skill level 10 in Short Blades
 38031 | Shoals:4 | Reached skill level 16 in Spellcasting
 38097 | Shoals:4 | Got a barnacled rune of Zot
 38357 | Shoals:4 | Offered knowledge of Conjure Ball Lightning by Vehumet.
 38362 | Shoals:4 | Noticed Ilsuiw
 38368 | Shoals:4 | Killed Ilsuiw
 38737 | Shoals:4 | Learned a level 7 spell: Orb of Destruction
 38958 | Shoals:1 | Killed Roxanne
 38973 | Shoals:1 | Identified Roxanne's Tome of the Rocks (You took it off
                  | Roxanne on level 1 of the Shoals)
 39339 | Elf:1    | Entered Level 1 of the Elven Halls
 39446 | Elf:1    | Reached XP level 19. HP: 115/118 MP: 34/39
 39834 | Elf:1    | Noticed ZlagarX's ghost (adept DgAE)
 40160 | Elf:1    | Paralysed by a floating eye for 2 turns
 40547 | Elf:1    | Noticed Deemzul's ghost (adept OpBe)
 40577 | Elf:1    | Killed Deemzul's ghost
 40811 | Elf:1    | Killed ZlagarX's ghost
 40873 | Elf:1    | Identified the Grimoire of Supportive Confrontation
 40949 | Elf:1    | Learned a level 5 spell: Iskenderun's Battlesphere
 41061 | Elf:2    | Found Hekhlaf's Jewellery Boutique.
 41269 | Elf:2    | Found a runed gate.
 41270 | Elf:2    | Found a runed gate.
 41271 | Elf:2    | Found a runed gate.
 41707 | Elf:3    | Entered Level 3 of the Elven Halls
 42164 | Elf:3    | Reached skill level 17 in Spellcasting
 42493 | Elf:3    | Reached skill level 15 in Conjurations
 43089 | Elf:3    | Reached XP level 20. HP: 116/125 MP: 34/41
 43187 | Elf:3    | Offered knowledge of Ozocubu's Refrigeration by Vehumet.
 43196 | Elf:3    | Learned a level 6 spell: Ozocubu's Refrigeration
 43602 | Elf:3    | Got an iridescent dagger {elec}
 43662 | Elf:3    | Identified the +5 dagger of Qisoann {elec, rPois rC- rN+++
                  | Str-5} (You took it off a deep elf demonologist on level 3
                  | of the Elven Halls)
 43805 | Elf:3    | Got a crystal scythe {distort}
 44059 | Elf:3    | Identified the Compendium of Flying Transmutation
 44065 | Elf:3    | Learned a level 2 spell: Swiftness
 44069 | Elf:3    | Identified the +12 scythe of Intuition {distort, rPois rN++
                  | Str+4} (You took it off a deep elf knight on level 3 of the
                  | Elven Halls)
 44109 | Elf:3    | Got a twisted battleaxe
 44110 | Elf:3    | Identified the +9 battleaxe of Supply {vamp, Dex+2} (You
                  | found it on level 3 of the Elven Halls)
 44122 | Elf:3    | Identified Further Progress in Witchcraft
 44445 | Elf:2    | Bought the ring of the Vendetta {*Drain +Blink rPois rF+}
                  | for 672 gold pieces
 44764 | Spider:1 | Entered Level 1 of the Spider Nest
 45069 | Vaults:1 | Entered Level 1 of the Vaults
 45113 | Vaults:1 | Reached skill level 1 in Evocations
 46607 | Vaults:1 | Reached XP level 21. HP: 133/133 MP: 30/42
 46778 | Vaults:1 | Reached skill level 5 in Evocations
 47311 | Vaults:1 | Reached skill level 10 in Dodging
 47417 | Vaults:1 | Got a crystal halberd {venom}
 47418 | Vaults:1 | Identified the cursed +2 halberd of the Forest {venom,
                  | rElec} (You took it off a deep elf archer on level 1 of the
                  | Vaults)
 47813 | Vaults:2 | Noticed Frederick
 47926 | Vaults:2 | Found Elytercha's Jewellery Emporium.
 47973 | Vaults:2 | Bought a cursed amulet of inaccuracy for 42 gold pieces
 48010 | Vaults:2 | Offered knowledge of Glaciate by Vehumet.
 48010 | Vaults:2 | Offered knowledge of Chain Lightning by Vehumet.
 48010 | Vaults:2 | Offered knowledge of Tornado by Vehumet.
 48175 | Vaults:1 | Reached skill level 10 in Fighting
 48478 | Vaults:2 | Noticed Mennas
 48989 | Spider:1 | Noticed Aizul
 49105 | Lair:2   | Killed Aizul
 50524 | Spider:2 | Reached skill level 10 in Shields
 51221 | Spider:3 | Noticed Stone's ghost (adept VSMo)
 51226 | Spider:3 | Reached XP level 22. HP: 143/143 MP: 32/43
 51289 | Spider:3 | Killed Stone's ghost
 52292 | Spider:4 | Entered Level 4 of the Spider Nest
 52402 | Spider:4 | Noticed Bai Suzhen
 53033 | Spider:4 | Upgraded the game from 0.19-a0-1891-ge1d1fe8 to
                  | 0.19-a0-1896-g611e798
 53605 | Spider:4 | Noticed Louise
 53677 | Spider:4 | Killed Louise
 53787 | Spider:4 | Killed Bai Suzhen
 54235 | Spider:4 | Got a gossamer rune of Zot
 54527 | Lair:1   | Learned a level 6 spell: Iron Shot
 55161 | Vaults:2 | Found Jetyfi's Assorted Antiques.
 55438 | Vaults:2 | Noticed Xtahua
 55443 | Vaults:2 | Killed Xtahua
 55528 | Vaults:2 | Got a coiled steel ring
 55529 | Vaults:2 | Got an uncursed fine battleaxe {chop}
 55677 | Vaults:2 | Killed Frederick
 55847 | Vaults:2 | Reached XP level 23. HP: 114/148 MP: 5/44
 56009 | Vaults:2 | Found Xomued's Magic Scroll Boutique.
 56017 | Vaults:2 | Bought a scroll of identify for 40 gold pieces
 56017 | Vaults:2 | Bought a scroll of recharging for 190 gold pieces
 56077 | Vaults:2 | Reached skill level 1 in Earth Magic
 56314 | Vaults:2 | Found Ykocwibu's Gadget Shoppe.
 56316 | Vaults:2 | Found Teklous's Food Shoppe.
 56634 | Vaults:3 | Identified the cursed ring of Wepic {rPois AC-4} (You took
                  | it off a yaktaur captain on level 2 of the Vaults)
 56636 | Vaults:3 | Identified the +4 battleaxe "Gionuup" {chop, rC+} (You took
                  | it off a yaktaur captain on level 2 of the Vaults)
 57101 | Vaults:3 | Found Gaxiesom's Jewellery Boutique.
 57109 | Vaults:3 | Bought a +6 amulet of reflection for 425 gold pieces
 57372 | Vaults:3 | Found a portal to a secret trove of treasure.
 57682 | Vaults:3 | Noticed a caustic shrike
 57887 | Vaults:3 | Got a brightly glowing tin ring
 57984 | Vaults:3 | Found a staircase to the Crypt.
 57984 | Vaults:3 | Found a basalt altar of Yredelemnul.
 58000 | Vaults:3 | Found an ancient bone altar of Kikubaaqudgha.
 58275 | Vaults:3 | Identified the ring of Fixation {MP+9 EV+1 Int+2} (You took
                  | it off an orc on level 3 of the Vaults)
 58626 | Vaults:3 | Reached skill level 5 in Earth Magic
 59689 | Vaults:4 | Reached skill level 18 in Spellcasting
 59990 | Vaults:4 | Found Durrea's Book Boutique.
 60193 | Vaults:4 | Noticed Sojobo
 60716 | Vaults:4 | Killed Sojobo
 60769 | Vaults:4 | Reached XP level 24. HP: 154/154 MP: 26/45
 60861 | Vaults:2 | Bought a scroll of identify for 40 gold pieces
 60861 | Vaults:2 | Bought a scroll of identify for 40 gold pieces
 60861 | Vaults:2 | Bought a scroll of identify for 40 gold pieces
 61022 | D:13     | Bought a scroll of identify for 64 gold pieces
 61161 | Orc:2    | Bought a scroll of identify for 32 gold pieces
 61161 | Orc:2    | Bought a scroll of identify for 32 gold pieces
 61161 | Orc:2    | Bought 3 scrolls of identify for 96 gold pieces
 61161 | Orc:2    | Bought a scroll of identify for 32 gold pieces
 61161 | Orc:2    | Bought a scroll of recharging for 152 gold pieces
 61161 | Orc:2    | Bought a scroll of blinking for 120 gold pieces
 61161 | Orc:2    | Bought 2 scrolls of identify for 64 gold pieces
 61368 | Vaults:2 | Reached skill level 15 in Shields
 61522 | Vaults:3 | You paid a toll of 23 scrolls of identify to enter a
                  | treasure trove
 61523 | Trove    | Entered a treasure trove
 61592 | Trove    | Got a glittering golden amulet
 61594 | Trove    | Got a sparkling bronze amulet
 61624 | Vaults:3 | Identified the amulet of Rafex {Gourm +Fly rF++ Str+4
                  | Stlth-} (You found it in a treasure trove)
 61634 | Vaults:3 | Identified the amulet "Cyunev" {RegenMP Int-3 Dex+6} (You
                  | found it in a treasure trove)
 61646 | Vaults:3 | Identified a -1 rod of ignition (13/13) (You found it on
                  | level 3 of the Vaults)
 62141 | D:15     | Killed Rupert
 62196 | Depths:1 | Entered Level 1 of the Depths
 62397 | Depths:1 | Found a one-way gate to the infinite horrors of the Abyss.
 62462 | Depths:1 | Found Hefua's Gadget Emporium.
 62462 | Depths:1 | Found Imehi's Jewellery Boutique.
 62463 | Depths:1 | Found Rithowol's Gadget Emporium.
 62498 | Depths:1 | Noticed Asterion
 62509 | Depths:1 | Found a gateway to a ziggurat.
 62510 | Depths:1 | Noticed an ancient lich
 62711 | Depths:2 | Reached skill level 19 in Spellcasting
 62711 | Depths:2 | Reached XP level 25. HP: 159/159 MP: 46/46
 62712 | Depths:2 | Reached XP level 26. HP: 165/165 MP: 46/46
 62725 | Depths:2 | Found a one-way gate leading to the halls of Pandemonium.
 62810 | Depths:2 | Found Seygh's Distillery.
 62810 | Depths:2 | Found Ciosuoz's Distillery.
 62817 | Depths:2 | Found Nuofupp's Weapon Emporium.
 64020 | Depths:1 | Killed Asterion
 66254 | Depths:2 | Reached skill level 20 in Spellcasting
 66274 | Depths:2 | Reached XP level 27. HP: 131/171 MP: 12/47
 66631 | Depths:1 | Bought the ring "Reos" {Wiz rC+ Int+5} for 763 gold pieces
 67258 | D:13     | Bought 2 potions of heal wounds for 310 gold pieces
 67412 | Depths:2 | Bought a potion of heal wounds for 105 gold pieces
 67412 | Depths:2 | Bought a potion of heal wounds for 105 gold pieces
 67682 | Crypt:1  | Entered Level 1 of the Crypt
 67898 | Crypt:1  | Noticed Jory
 67906 | Crypt:1  | Killed Jory
 69961 | Crypt:3  | Entered Level 3 of the Crypt
 70289 | Crypt:3  | Found an ancient bone altar of Kikubaaqudgha.
 70311 | Crypt:3  | Reached skill level 21 in Spellcasting
 70606 | Crypt:3  | Identified the Tome of Evil Rituals
 70934 | Crypt:3  | Identified the Compendium of the Volcanoes and
                  | Self-Improvement
 70946 | Crypt:3  | Learned a level 2 spell: Repel Missiles
 71941 | Crypt:3  | Found a staircase to the Tomb.
 72750 | Depths:1 | Voluntarily entered the Abyss.
 72909 | Abyss:1  | Noticed an ancient lich
 72924 | Abyss:1  | Killed an ancient lich
 73078 | Abyss:1  | Found an iron altar of Okawaru.
 73419 | Abyss:3  | Found a corrupted altar of Lugonu.
 73425 | Abyss:3  | Got an abyssal rune of Zot
 73612 | Abyss:3  | Reached skill level 22 in Spellcasting
 74839 | Depths:1 | Escaped the Abyss
 75166 | Depths:1 | Voluntarily entered the Abyss.
 75641 | Abyss:1  | Learned a level 9 spell: Glaciate
 75739 | Abyss:2  | Found a basalt altar of Yredelemnul.
 76894 | Depths:1 | Escaped the Abyss
 77030 | Depths:1 | Reached skill level 23 in Spellcasting
 78020 | Lair:1   | Learned a level 7 spell: Spellforged Servitor
 78127 | Slime:1  | Entered Level 1 of the Pits of Slime
 78665 | Slime:2  | Noticed Dissolution
 78671 | Slime:2  | Killed Dissolution
 80044 | Slime:3  | Gained mutation: You are occasionally teleported next to
                  | monsters. [a shining eye]
 80163 | Slime:5  | Entered Level 5 of the Pits of Slime
 80199 | Slime:5  | Noticed the Royal Jelly
 80437 | Slime:5  | Gained mutation: You are clumsy. (Dex -2) [a shining eye]
 80563 | Slime:5  | Killed the Royal Jelly
 80714 | Slime:5  | Got a slimy rune of Zot
 80824 | Slime:5  | Got a steaming falchion
 80825 | Slime:5  | Identified the +8 falchion "Impbane" {slice, rF+ rN+ MR+}
                  | (You found it on level 5 of the Pits of Slime)
 82046 | Depths:4 | Reached skill level 24 in Spellcasting
 82488 | Depths:4 | Identified Loebuohy's Compendium of Supportive Flight
 83152 | Depths:5 | Entered Level 5 of the Depths
 83152 | Depths:5 | Noticed a juggernaut
 83154 | Depths:5 | Killed a juggernaut
 83561 | Depths:5 | Noticed a juggernaut
 83564 | Depths:5 | Killed a juggernaut
 84335 | Depths:5 | Noticed a juggernaut
 84339 | Depths:5 | Killed a juggernaut
 84491 | Depths:5 | Found a gate to the Realm of Zot.
 84878 | Zot:1    | Entered Level 1 of the Realm of Zot
 85141 | Zot:1    | Reached skill level 25 in Spellcasting
 85317 | Zot:1    | Found a sacrificial altar of Ru.
 86873 | Zot:3    | Noticed Naow's ghost (legendary FoFi)
 86879 | Zot:3    | Killed Naow's ghost
 87739 | Zot:4    | Reached skill level 15 in Dodging
 89857 | Depths:2 | Bought a potion of heal wounds for 120 gold pieces
 89857 | Depths:2 | Bought a potion of magic for 192 gold pieces
 89857 | Depths:2 | Bought a potion of curing for 72 gold pieces
 89857 | Depths:2 | Bought a potion of curing for 72 gold pieces
 89859 | Depths:2 | Bought a potion of haste for 210 gold pieces
 89859 | Depths:2 | Bought a potion of haste for 210 gold pieces
 89864 | Depths:2 | Bought a potion of agility for 84 gold pieces
 89864 | Depths:2 | Bought a potion of might for 84 gold pieces
 90009 | D:13     | Bought a potion of haste for 320 gold pieces
 90009 | D:13     | Bought a scroll of holy word for 240 gold pieces
 90187 | D:5      | Bought a potion of ambrosia for 112 gold pieces
 90187 | D:5      | Bought a potion of might for 56 gold pieces
 90187 | D:5      | Bought a potion of haste for 140 gold pieces
 90187 | D:5      | Bought a potion of ambrosia for 112 gold pieces
 90536 | Vaults:5 | Entered Level 5 of the Vaults
 90536 | Vaults:5 | Noticed Margery
 90541 | Vaults:5 | Killed Margery
 90543 | Vaults:5 | Noticed an ancient lich
 90549 | Vaults:5 | Reached skill level 15 in Fighting
 90552 | Vaults:5 | Killed an ancient lich
 91072 | Vaults:5 | Got a glittering bronze ring
 91073 | Vaults:5 | Identified the ring "Nuomeygu" {Ice MR+} (You took it off a
                  | yaktaur on level 5 of the Vaults)
 91209 | Vaults:5 | Got a silver rune of Zot
 91469 | Vaults:5 | Got a wavering silver ring
 91472 | Vaults:5 | Identified the ring "Luyhymn" {Ice Slay+2} (You took it off
                  | an orc knight on level 5 of the Vaults)
 92037 | Vaults:4 | Upgraded the game from 0.19-a0-1896-g611e798 to
                  | 0.19-a0-1920-g83281cb
 92099 | Vaults:2 | Killed Mennas
 92437 | Elf:2    | Bought the ring of Loifas {rC+ EV+1 Int+3 SInv Stlth-} for
                  | 495 gold pieces
 92774 | Depths:1 | Voluntarily entered the Abyss.
 92774 | Abyss:1  | Found a corrupted altar of Lugonu.
 92912 | Abyss:1  | Noticed an ancient lich
 92915 | Abyss:1  | Killed an ancient lich
 92982 | Abyss:1  | Found a sparkling altar of Nemelex Xobeh.
 93107 | Abyss:1  | Noticed an ancient lich
 93119 | Abyss:1  | Killed an ancient lich
 93218 | Abyss:1  | Noticed an ancient lich
 93231 | Abyss:1  | Killed an ancient lich
 93508 | Abyss:1  | Got a jewelled hat
 93521 | Abyss:1  | Identified the +0 hat "Imaakk" {rPois Str+6 Stlth-} (You
                  | acquired it on level 1 of the Abyss)
 93801 | Abyss:1  | Noticed an ancient lich
 93809 | Abyss:1  | Killed an ancient lich
 94663 | Abyss:3  | Found a corrupted altar of Lugonu.
 96030 | Abyss:5  | Entered Level 5 of the Abyss
 96628 | Depths:1 | Escaped the Abyss
 96855 | Depths:1 | Upgraded the game from 0.19-a0-1920-g83281cb to
                  | 0.19-a0-1922-g1e9a4c1
 96855 | Depths:1 | Upgraded the game from 0.19-a0-1922-g1e9a4c1 to
                  | 0.19-a0-1931-gf4bb0bd
 96943 | Pan      | Entered Pandemonium
 96966 | Pan      | Found an exit through the horrors of the Abyss.
 97036 | Pan      | Noticed Feefih the pandemonium lord
 97266 | Pan      | Killed Feefih the pandemonium lord
 98409 | Pan      | Found an exit through the horrors of the Abyss.
 98546 | Pan      | Noticed Nysiogh the pandemonium lord
 98549 | Pan      | Killed Nysiogh the pandemonium lord
 98616 | Pan      | Reached skill level 15 in Short Blades
 99222 | Pan      | Got a demonic rune of Zot
 99225 | Pan      | Got a slimy falchion
 99407 | Pan      | Got a distressingly furry hat
 99411 | Pan      | Identified the +0 hat "Uvesoqa" {rElec Str+4 SInv} (You
                  | found it in Pandemonium)
 99412 | Pan      | Identified the +6 falchion of Muxkoudd {freeze, rPois
                  | Str+4} (You found it in Pandemonium)
100003 | Pan      | Found an exit through the horrors of the Abyss.
100645 | Pan      | Noticed Dietim the pandemonium lord
100648 | Pan      | Killed Dietim the pandemonium lord
100879 | Depths:2 | Escaped Pandemonium
100944 | Hell     | Entered the Vestibule of Hell
100944 | Hell     | Noticed Geryon
100952 | Hell     | Killed Geryon
101018 | Hell     | Found a gateway to the decaying netherworld of Tartarus.
101232 | Hell     | Found a gateway to the freezing wastes of Cocytus.
101344 | Hell     | Found a gateway to the Iron City of Dis.
101469 | Hell     | Found a gateway to the ashen valley of Gehenna.
101580 | Depths:1 | Voluntarily entered the Abyss.
101580 | Abyss:1  | Found a corrupted altar of Lugonu.
101592 | Abyss:1  | Reached skill level 26 in Spellcasting
101596 | Abyss:1  | Reached skill level 10 in Evocations
101619 | Abyss:1  | Noticed an ancient lich
101623 | Abyss:1  | Killed an ancient lich
101641 | Depths:1 | Escaped the Abyss
101968 | Depths:1 | Voluntarily entered the Abyss.
102233 | Abyss:1  | Found a corrupted altar of Lugonu.
103424 | Abyss:2  | Got a bloodstained dagger
103425 | Abyss:2  | Identified the cursed +3 dagger of Wyrd {pain, MP+9} (You
                  | found it on level 2 of the Abyss)
104071 | Abyss:2  | Got a crude hand crossbow
104072 | Abyss:2  | Identified the +10 hand crossbow "Hell-Harrower" {penet,
                  | *Drain rPois rF+ rC+} (You found it on level 2 of the
                  | Abyss)
104104 | Abyss:2  | Found a sparkling altar of Nemelex Xobeh.
104164 | Abyss:3  | Lost mutation: You are clumsy. (Dex -2) [potion of cure
                  | mutation]
104164 | Abyss:3  | Lost mutation: You are occasionally teleported next to
                  | monsters. [potion of cure mutation]
104164 | Abyss:3  | Lost mutation: Your mind is acute. (Int +2) [potion of cure
                  | mutation]
104164 | Abyss:3  | Lost mutation: You have a beak for a mouth. [potion of cure
                  | mutation]
104164 | Abyss:3  | Lost mutation: Your spells are a little harder to cast, but
                  | a little more powerful. [potion of cure mutation]
104167 | Abyss:3  | Upgraded the game from 0.19-a0-1931-gf4bb0bd to
                  | 0.19-a0-1933-g052ff51
104178 | Depths:1 | Escaped the Abyss
104182 | Depths:1 | Quit the game

Levels and vault maps discovered:
D:1:      mushboom_english_gardens, minmay_hexomino_c4
D:3:      grunt_dithmenos_smoke_and_mirrors, grunt_temple_overflow_open,
          portal_sewer_entry_c, minmay_misc_feat_x, st_stairs_1
D:4:      grunt_gozag_breadcrumbs, overflow_temple_1_default, first_bread,
          glass_columns_b
D:5:      serial_shops, shop, nicolae_shop_trees, shop, hex_intersection,
          minmay_holes
D:6:      basic_altar
D:7:      grunt_temple_overflow_order_and_chaos_1, kennysheep_mini_moat,
          dk_rats_in_the_wall
D:8:      serial_ice, serial_ice_n, serial_ice_a, serial_ice_o, serial_ice_f,
          serial_ice_m, serial_ice_j, grunt_livestock, uniq_pikel,
          uniq_gastronok
D:9:      hangedman_cross_stitches, fedhas_altar_2, lemuel_blue_sif_altar,
          elyvilon_altar_5, orc_0_dummy, uniq_prince_ribbit1
D:10:     cheibrodos_frozen_isle, erik_lair_orcish_takeover, basic_altar,
          uniq_josephine
D:11:     serial_ice, serial_ice_k, serial_ice_c, serial_ice_d, serial_ice_b,
          serial_ice_m, serial_ice_e
D:13:     serial_shops, shop, shop
D:14:     grunt_vaults_entry_fortified
D:15:     gammafunk_depths_entry_grave, minmay_misc_feat_hallway, serial_shops,
          shop, hangedman_abyss_or_decor_lesser_grid,
          minmay_guarded_unrand_variability, uniq_azrael, uniq_rupert
Temple:   zaba_magenta_temple
Lair:1:   pond
Lair:2:   nicolae_spider_entry_tight_spaces, lemuel_fruit_fields, uniq_nergalle
Lair:4:   elwin_shoals_entry_rooms, nicolae_quartered_pool_medium,
          lemuel_fruit_tree
Lair:5:   lemuel_ratsnest, slime_altar_1, lab_entry_generic,
          guppyfry_lair_drakes
Lair:6:   evil_forest, st_stairs_9, dpeg_oklob_1
Shoals:1: nicolae_shoals_island_circles, serial_shops, shop, uniq_donald,
          uniq_roxanne
Shoals:2: st_sunken_huts
Shoals:3: argonaut_golden_fleece, nicolae_shoals_siren_and_animal_friends
Shoals:4: shoals_end_simple, shoals_ilsuiw_ice, uniq_polyphemus
Spider:1: spiders_nest_scorpion_pit, minivault_29, uniq_aizul
Spider:3: nicolae_spider_hall_of_the_moth_king, worms_lemuel
Spider:4: spider_rune_water, nicolae_looking_at_the_future, uniq_louise,
          uniq_bai_suzhen
Slime:2:  uniq_dissolution
Slime:3:  nicolae_slime_jelly_donut
Orc:2:    st_orc_ogre_mass, serial_shops, shop, nicolae_orc_sculptors_studio,
          bloody_makhleb
Elf:1:    minmay_elf_arrival_summoners, minmay_elf_sorcery,
          serial_sigils_hangedman_carve
Elf:2:    serial_shops, nicolae_shop_behind_doors, st_stairs_1
Elf:3:    minmay_elf_hall_four_x, grunt_megastairs_5
Vaults:1: nicolae_vaults_gold_heap, vaults_mumra_hex, st_smaller_cells,
          ontoclasm_vaults_bender, serial_ice_g, vaults_mumra_chevron,
          vaults_room_fancy_cross, v_misc_17, v_misc_1, ontoclasm_vaults_hangar,
          nicolae_vaults_what_the_h, vaults_room_pool, vaults_room_corners
Vaults:2: v_misc_5, hangedman_vaults_stream, hangedman_vaults_impose, v_misc_15,
          hangedman_vaults_corner, v_misc_27, nicolae_vaults_mini_display_case,
          grunt_vaults_swirl, vaults_room_hangedman_quadrants, serial_shops,
          nicolae_shop_statue_plus, shop, shop, shop, nicolae_shop_waterfront,
          uniq_mennas, uniq_xtahua, uniq_frederick
Vaults:3: nicolae_vaults_bisected_exclaves, minmay_crypt_entry_necro_gods,
          nicolae_vaults_theta, minmay_guarded_unrand_secular_launcher,
          nicolae_vaults_little_squares_6, nicolae_vaults_big_ls, v_misc_5,
          nicolae_vaults_circle_grid_b, nicolae_vaults_network_star,
          nicolae_trove_entry_crossroad, serial_shops, shop_statue
Vaults:4: grunt_vaults_diagonal, ontoclasm_vaults_ligature, v_misc_27,
          nicolae_vaults_inception_scallops, ontoclasm_vaults_pinch,
          vaults_standard_mumra_x, nicolae_vaults_little_squares_6, v_misc_26,
          nicolae_vaults_diagonal_hallway_7, serial_shops, shop, uniq_sojobo
Vaults:5: serial_shops, uniq_margery
Crypt:1:  grunt_crypt_arrival_split, uniq_jory
Crypt:2:  roderic_lattice_octagonal_star
Crypt:3:  grunt_crypt_end_deaths_head
Depths:1: enter_ziggurat_c, abyss_entry, dk_noncrumbling_4,
          pf_vacation_house_of_asmodeus, serial_bayou_crossing, firewood_loft,
          minmay_shop_grove, uniq_asterion
Depths:2: minmay_skeletal_surprise, grunt_hell_entry_dis_grunt,
          rand_demon_pan_entry_8, serial_sigils_hangedman_clutch,
          minmay_shop_star, infiniplex_staircase_squiggle, serial_bayou_shore_b
Depths:3: wad_statue_garden, abyss_entry, rand_demon_pan_entry_9, hell_entry,
          minmay_misc_feat_room, grunt_decor_mini_mirrors,
          serial_sigils_hangedman_scratch
Depths:4: minmay_ambush_box, hell_entry, marbit_kobold_abyss_entry,
          rand_demon_pan_entry_7, infiniplex_staircase_zigzag_2,
          kennysheep_random_hallway
Depths:5: grunt_runaround, serial_shops, hell_entry, abyss_entry
Zot:1:    basic_altar, nicolae_lava_and_water, lemuel_baited_zot_trap
Zot:4:    kennysheep_oblong_rooms

Skill      XL: |  1  2  3  4  5  6  7  8  9 10 11 12 13 14 15 16 17 18 19 20 21 22 23 24 25 26 27 |
---------------+----------------------------------------------------------------------------------+-----
Ice Magic      | 4 5 6 7 9 10 11 12 13 14 15 16 17 18 21 | 21.6
Spellcasting   | 3 4 5 6 8 9 10 11 12 13 14 15 16 17 18 19 20 26 | 26.7
Short Blades   | 1 2 3 4 5 6 9 10 11 12 14 15 | 15.1
Conjurations   | 2 3 4 7 9 10 11 12 13 14 15 17 24 | 24.4
Charms         | 1 7 |  7.2
Shields        | 1 4 5 7 10 12 14 15 23 | 23.0
Fighting       | 1 4 6 7 8 10 17 | 17.0
Dodging        | 5 6 8 9 11 12 20 | 20.0
Stealth        | 5 7 |  7.1
Evocations     | 4 7 8 11 | 11.7
Earth Magic    | 5 |  5.1
Hexes          | |  0.4

Action                   |  1- 3 |  4- 6 |  7- 9 | 10-12 | 13-15 | 16-18 | 19-21 | 22-24 | 25-27 || total
-------------------------+-------+-------+-------+-------+-------+-------+-------+-------+-------++-------
Melee: Short sword       |    35 |    36 |       |     1 |       |       |       |       |       ||    72
       Constrict         |    10 |    24 |    43 |    52 |    76 |    10 |    52 |    58 |   285 ||   610
       Tentacles         |     2 |    11 |    40 |    66 |    46 |    14 |    53 |    53 |   529 ||   814
       Dagger            |       |    59 |   237 |   376 |   373 |    31 |       |       |       ||  1076
       Peck              |       |       |    17 |    68 |    55 |    23 |    64 |    65 |   526 ||   818
       Rapier            |       |       |       |       |       |    37 |   262 |   288 |  2260 ||  2847
       Trident           |       |       |       |       |       |       |     2 |       |       ||     2
       Staff             |       |       |       |       |       |       |       |       |     3 ||     3
 Cast: Freeze            |    31 |    47 |   100 |    56 |       |       |       |       |       ||   234
       Throw Frost       |     2 |    14 |    44 |    30 |     7 |     1 |    20 |    10 |       ||   128
       Ozocubu's Armour  |       |       |    11 |    59 |    97 |   105 |   110 |   122 |   309 ||   813
       Throw Icicle      |       |       |       |   275 |   642 |   534 |   473 |   296 |   287 ||  2507
       Metabolic Englaci |       |       |       |       |     2 |     1 |     3 |       |     1 ||     7
       Bolt of Cold      |       |       |       |       |     3 |    20 |    41 |    78 |   148 ||   290
       Freezing Cloud    |       |       |       |       |       |    19 |    89 |    39 |    14 ||   161
       Orb of Destructio |       |       |       |       |       |     3 |     6 |    21 |    14 ||    44
       Iskenderun's Batt |       |       |       |       |       |       |    47 |    66 |    73 ||   186
       Ozocubu's Refrige |       |       |       |       |       |       |    42 |    25 |     7 ||    74
       Iron Shot         |       |       |       |       |       |       |       |   107 |  1161 ||  1268
       Swiftness         |       |       |       |       |       |       |       |     1 |       ||     1
       Glaciate          |       |       |       |       |       |       |       |       |   445 ||   445
       Repel Missiles    |       |       |       |       |       |       |       |       |     4 ||     4
       Spellforged Servi |       |       |       |       |       |       |       |       |     1 ||     1
 Abil: Evoke Blink       |       |       |       |       |       |       |       |     1 |     3 ||     4
Evoke: Wand              |       |       |       |    10 |     8 |     6 |     3 |    12 |    13 ||    52
       Phial of floods   |       |       |       |       |     1 |     3 |     4 |     1 |     6 ||    15
       Lamp of fire      |       |       |       |       |       |       |     1 |     1 |     4 ||     6
       Fan of gales      |       |       |       |       |       |       |     1 |     1 |     1 ||     3
  Use: Scroll            |     2 |     3 |    12 |     9 |    16 |     4 |    16 |    11 |    50 ||   123
       Potion            |     1 |     5 |       |     4 |     4 |     4 |     8 |     3 |    39 ||    68
 Stab: Sleeping          |     6 |     7 |     6 |     1 |     1 |       |     1 |     1 |    10 ||    33
       Distracted        |     1 |       |     2 |       |       |       |       |     1 |    11 ||    15
       Paralysed         |       |       |       |     3 |       |       |       |       |       ||     3
       Held in net/web   |       |       |       |       |       |       |     1 |       |       ||     1
       Invisible         |       |       |       |       |       |       |       |       |     2 ||     2
  Eat: Chunk             |     1 |     8 |    15 |    23 |    30 |    18 |    24 |    23 |    35 ||   177
       Buggy fruit       |       |       |       |     1 |     3 |     3 |     2 |     4 |    13 ||    26
       Buggy fruit       |       |       |       |     1 |       |     1 |     1 |       |     2 ||     5
       Ration            |       |       |       |     1 |     1 |     2 |     1 |     1 |     5 ||    11
       Buggy fruit       |       |       |       |     1 |       |       |     1 |       |     4 ||     6
       Buggy ration      |       |       |       |       |     1 |       |     1 |     1 |    12 ||    15
       Buggy jelly       |       |       |       |       |       |       |       |       |     1 ||     1
Armor: Skin              |     8 |     9 |    45 |   138 |    53 |    60 |    84 |    56 |   299 ||   752
Dodge: Dodged            |    35 |    81 |   211 |   318 |   231 |   158 |   295 |   189 |  1263 ||  2781
       Deflected         |       |       |       |       |       |       |       |       |    32 ||    32
Block: Buckler           |       |       |       |    17 |    83 |   106 |   187 |   155 |   722 ||  1270
       Reflection        |       |       |       |       |       |       |       |     2 |       ||     2
       Large shield      |       |       |       |       |       |       |       |       |   549 ||   549

Table legend:
 A = Non-vault XP
 B = Vault XP
 C = Vault XP percentage of total XP
 D = Non-vault monster count
 E = Vault monster count
 F = Vault count percentage of total count
                 A         B        C        D         E       F
            +---------+---------+-------+---------+---------+-------
      Total |       0 |       0 |   N/A |       0 |       0 |  -nan
            +---------+---------+-------+---------+---------+-------
            +---------+---------+-------+---------+---------+-------
